 Dungeon Crawl Stone Soup version 0.30.0-29-ga12c61a403 (webtiles) character file.

Game seed: 12068331503698015218

635 Graphine the Chopper (level 7, -2/63 HPs)
             Began as a Hill Orc Monk on June 24, 2023.
             Was an Elder of Makhleb.
             Slain by Nicoed's ghost (4 damage)
             ... on level 4 of the Dungeon.
             The game lasted 00:07:59 (4683 turns).

Graphine the Chopper (Hill Orc Monk)                Turns: 4683, Time: 00:07:59

Health: -2/63      AC: 11    Str: 16    XL:     7   Next: 50%
Magic:  10/10      EV:  9    Int: 10    God:    Makhleb [****..]
Gold:   237        SH:  4    Dex: 13    Spells: 4/6 levels left

rFire   . . .        a - +1 hand axe
rCold   . . .        p - +0 buckler
rNeg    . . .        k - +0 scale mail
rPois   .            w - +1 hat
rElec   .            (no cloak)
rCorr   .            (no gloves)
SInv    +            (no boots)
Will    .....        e - amulet of magic regeneration Stlth
                     l - ring of see invisible
HPRegen 0.30/turn    r - +4 ring of protection
MPRegen 0.52/turn

%: no passive effects
@: lethally poisoned (-2 -> -9), hasted, very quick
A: no striking features
a: Renounce Religion, Minor Destruction, Lesser Servant of Makhleb, Major
Destruction


You were on level 4 of the Dungeon.
You worshipped Makhleb.
Makhleb was greatly pleased with you.
You visited 1 branch of the dungeon, and saw 4 of its levels.
You also visited: Sewer.

You collected 237 gold pieces.

Inventory:

Hand Weapons
 a - a +1 hand axe (weapon)
Missiles
 g - 2 throwing nets
Armour
 d - an orb of light
 k - a +0 scale mail (worn)
 p - a +0 buckler (worn)
 w - a +1 hat (worn)
Jewellery
 e - an amulet of magic regeneration (around neck)
 l - a ring of see invisible (left hand)
 o - a ring of positive energy
 r - a +4 ring of protection (right hand)
Scrolls
 b - a scroll of enchant weapon
 n - 2 scrolls of identify
 q - a scroll of magic mapping {unknown}
 s - a scroll of vulnerability {unknown}
 t - a scroll of blinking {unknown}
Potions
 f - 6 potions of flight
 h - a potion of brilliance
 m - 3 potions of degeneration
 v - a potion of mutation


   Skills:
 * Level 6.1 Fighting
 * Level 6.8 Axes
 + Level 2.6 Armour
 - Level 2.4 Dodging
 + Level 1.2 Shields
 * Level 5.2 Invocations


You had 4 spell levels left.
You knew the following spells:

 Your Spells              Type           Power      Damage    Failure   Level
a - Blink                 Tloc           0%         N/A       95%         2

Your spell library contained the following spells:

 Spells                   Type           Power      Damage    Failure   Level
 Lesser Beckoning         Tloc           0%         N/A       95%         2
 Momentum Strike          Conj/Tloc      0%         3d8       95%         2
 Sublimation of Blood     Necr           0%         N/A       95%         2
 Wereblood                Tmut           0%         N/A       95%         2
 Summon Guardian Golem    Hex/Summ       0%         N/A       99%         3
 Orb of Destruction       Conj           0%         9d5       100%        7
 Spellforged Servitor     Conj/Summ      0%         N/A       100%        7
 Summon Hydra             Summ           0%         N/A       100%        7


Dungeon Overview and Level Annotations

Branches:
Dungeon (4/15)              Sewer (visited)
 Temple: D:4-7

Altars:
Ashenzari
Gozag
Makhleb
Qazlal
Ru
Sif Muna
Vehumet
Yredelemnul
Beogh

Annotations:
D:4 Nicoed's ghost, novice GnRe


Message History

You feel sick.
Nicoed's ghost casts a spell.
Nicoed's ghost blinks!
Throw: 2 throwing nets
Press: ? - help, Shift-Dir - straight line, f/p - Nicoed's ghost
Aim: Nicoed's ghost, wielding a weapon of venom (moderately damaged, 39% to hit, immune to nets)
You throw a throwing net. The throwing net misses Nicoed's ghost.
You feel sick.
Nicoed's ghost gestures wildly while chanting.
Nicoed's ghost blinks!
You feel sick.
You see here a throwing net.
g - 2 throwing nets (gained 1)
You feel sick.
Aiming: Minor Destruction (1% risk of failure)
Press: ? - help, Q - select action, (/) - cycle Shift-Dir - straight line, f/p - Nicoed's ghost
Aim: Nicoed's ghost, wielding a weapon of venom (moderately damaged)
The puff of flame hits Nicoed's ghost but does no damage.
Nicoed's ghost is moderately damaged.
You feel sick.
Aiming: Minor Destruction (1% risk of failure)
Press: ? - help, Q - select action, (/) - cycle Shift-Dir - straight line, f/p - Nicoed's ghost
Aim: Nicoed's ghost, wielding a weapon of venom (moderately damaged) Nicoed's ghost is unaffected.
You feel sick. Nicoed's ghost hits you!
* * * LOW HITPOINT WARNING * * *
You feel yourself speed up.
You feel sick.
You are no longer poisoned.
Nicoed's ghost hits you.
* * * LOW HITPOINT WARNING * * *
You are lethally poisoned!
Okay, then.
Cleave: a) +1 hand axe
Press: ? - help, Dir - move target, f/p - Nicoed's ghost
Aim: Nicoed's ghost, wielding a weapon of venom (moderately damaged, about 52% to evade your +1 hand axe)
You miss Nicoed's ghost.
Nicoed's ghost is moderately damaged.
* * * LOW HITPOINT WARNING * * *
You feel sick. Nicoed's ghost hits you.
You die...

####.#...#
##.#......#..#
####.........#..#
##.#......# #..##
##.........# ....
#..........# #..##
...........# #...
#......###.#####W#
.......# #.#....@#
#......# #...#####
##.....###..#######
#####...##..'~~~~!~ .
............########.
.......##....###....
.......###...# #..#
#..#
######.###.#.###..#
#..# ........<....#
#..#


You could see Nicoed's ghost.

Vanquished Creatures
  The ghost of toph the Trooper, an amateur DrAE (D:3)
  A phantom (D:4)
  A centaur zombie (D:4)
  2 scorpion zombies (D:4)
  A hound zombie (D:4)
  4 gnolls (D:4)
  6 river rats (Sewer)
  7 adders
  An ufetubus (D:4)
  An adder skeleton (D:4)
  6 worms
  5 dart slugs
  9 orcs
  12 ball pythons
  5 endoplasms
  6 giant cockroaches
  6 goblins
  3 hobgoblins
  6 jackals
  9 kobolds
  8 quokkas
  15 bats
  6 frilled lizards
  3 rats
124 creatures vanquished.

Notes
Turn   | Place    | Note
-------+----------+-------------------------------------------
     0 | D:1      | Graphine the Hill Orc Monk began the quest for the Orb.
     0 | D:1      | Reached XP level 1. HP: 19/19 MP: 1/1
   127 | D:1      | Reached XP level 2. HP: 19/27 MP: 2/2
   197 | D:1      | Reached skill level 1 in Invocations
   560 | D:1      | Reached XP level 3. HP: 31/33 MP: 4/4
  1080 | D:2      | Learned a level 2 spell: Blink
  1550 | D:2      | Reached XP level 4. HP: 41/41 MP: 5/5
  1815 | D:2      | Reached skill level 5 in Axes
  1839 | D:2      | Reached skill level 1 in Armour
  1956 | D:2      | Found a faded altar of an unknown god.
  2067 | D:2      | Prayed at the altar of an unknown god.
  2067 | D:2      | Became a worshipper of Makhleb the Destroyer
  2067 | D:2      | Reached * piety under Makhleb
  2067 | D:2      | Reached ** piety under Makhleb
  2608 | D:3      | Found a glowing drain.
  2620 | Sewer    | Entered a sewer
  2626 | Sewer    | Reached *** piety under Makhleb
  2835 | Sewer    | Reached XP level 5. HP: 46/47 MP: 7/7
  3021 | Sewer    | Reached skill level 5 in Fighting
  3091 | Sewer    | Reached **** piety under Makhleb
  3543 | D:3      | Found a broken altar of Ashenzari.
  3550 | D:3      | Found a sacrificial altar of Ru.
  3550 | D:3      | Found an opulent altar of Gozag.
  3551 | D:3      | Found a stormy altar of Qazlal.
  3551 | D:3      | Found a basalt altar of Yredelemnul.
  3555 | D:3      | Found a shimmering blue altar of Sif Muna.
  3679 | D:3      | Found a runed translucent gate.
  3679 | D:3      | Found a runed translucent gate.
  3680 | D:3      | Noticed toph's ghost (amateur DrAE)
  3680 | D:3      | Identified the +2 leather armour of the Thistle {Int+2
                  | Dex+7 Slay-3 Stlth+}
  3681 | D:3      | Found a runed translucent gate.
  3712 | D:3      | Reached XP level 6. HP: 56/56 MP: 8/8
  3734 | D:3      | Killed toph's ghost
  3836 | D:3      | Found a roughly hewn altar of Beogh.
  4188 | D:4      | Reached XP level 7. HP: 44/62 MP: 10/10
  4461 | D:4      | Found a radiant altar of Vehumet.
  4508 | D:4      | Reached skill level 1 in Shields
  4508 | D:4      | Reached skill level 5 in Invocations
  4612 | D:4      | Found a runed translucent door.
  4639 | D:4      | Noticed Nicoed's ghost (novice GnRe)
  4682 | D:4      | HP: 3/63 [Nicoed's ghost (1)]
  4683 | D:4      | Slain by Nicoed's ghost

Illustrated notes

Levels and vault maps discovered:
D:1:      dpeg_arrival_round_b, layout_basic
D:2:      layout_basic, serial_co_window_serial, co_window_corner_a,
          co_window_cross_1, co_window_paths_a, co_window_paths_b,
          co_window_paths_a, co_window_paths_a, co_window_paths_b,
          co_window_paths_c, co_window_unsneaky_path_d, co_window_broadway_c,
          co_window_sun, co_window_4corner_b, glass_columns_a,
          shapermc_ecumenical_altar_mp_ritualfount,
          chequers_serial_rivers_small_3
D:3:      layout_rooms, minitemple, gup_sewer_entry_pipe,
          biasface_ghost_orc_armoury, st_stairs_12
D:4:      layout_basic, mainiacjoe_overflow_paths, ebering_ghost_sewer_d,
          serial_undead, serial_undead_b, serial_undead_a, serial_undead_c,
          serial_undead_e, nicolae_figureground_pulse

Skill      XL: |  1  2  3  4  5  6  7 |
---------------+----------------------+-----
Invocations    | 1 2 3 4 5 |  5.2
Fighting       | 4 5 6 |  6.1
Axes           | 5 6 |  6.8
Armour         | 1 2 |  2.6
Shields        | 1 |  1.2
Dodging        | |  2.4

Action                     |  1- 3 |  4- 6 |  7- 9 || total
---------------------------+-------+-------+-------++-------
  Melee: Hand axe          |   133 |    52 |    20 ||   205
  Throw: Throwing net      |       |       |     3 ||     3
 Invoke: Minor Destruction |       |   108 |    51 ||   159
    Use: Scroll            |     1 |    11 |       ||    12
         Potion            |       |     1 |     4 ||     5
 Armour: Robe              |    21 |       |       ||    21
         Scale mail        |    19 |    54 |    26 ||    99
         Skin              |       |    29 |       ||    29
  Dodge: Dodged            |    76 |    60 |    25 ||   161
  Block: Buckler           |       |     6 |     5 ||    11
